 Dungeon Crawl Stone Soup version 0.17.0-18-gaab0e96 (console) character file.

3355 gw the Gouger (level 9, -2/46 HPs)
             Began as a Felid Berserker on Nov 12, 2015.
             Was an Elder of Trog.
             Slain by a hill giant
             ... wielding a +0 giant club
              (12 damage)
             ... on level 10 of the Dungeon.
             The game lasted 00:12:37 (15896 turns).

gw the Gouger (Felid Berserker)                    Turns: 15896, Time: 00:12:37

Health: -2/46      AC:  2    Str: 13    XL:     9   Next: 73%
Magic:  0/10       EV: 29    Int: 10    God:    Trog [****..]
Gold:   1043       SH:  0    Dex: 18    Spells: 0 memorised, 8 levels left
                                        Lives:  0   Deaths: 3

rFire  . . .     SeeInvis +       - Unarmed
rCold  . . .     Clarity  .     (armour unavailable)
rNeg   . . .     SustAt   .     (shield unavailable)
rPois  .         Gourm    .     (helmet unavailable)
rElec  .         Spirit   +     (cloak unavailable)
rCorr  .         Warding  .     (gloves unavailable)
rMut   .         Stasis   .     (boots unavailable)
MR     +++..                    b - amulet of guardian spirit
Stlth  ++........               (no ring)
                                (no ring)

@: exhausted, regenerating, slowed, slow, extremely resistant to hostile
enchantments, unstealthy
A: no armour, no weapons or thrown items, claws 1, fangs 3, see invisible,
carnivore 3, speed 1, shaggy fur 2, slow metabolism 1, sharp paws
a: Berserk, Trog's Hand, Brothers in Arms, Burn Spellbooks, Renounce Religion


You were on level 10 of the Dungeon.
You worshipped Trog.
Trog was greatly pleased with you.
You were very full.

You visited 1 branch of the dungeon, and saw 12 of its levels.
You also visited: Ossuary.

You collected 1043 gold pieces.

Inventory:

Jewellery
 b - an amulet of guardian spirit (around neck)
Comestibles
 a - 5 meat rations


   Skills:
 + Level 9.9 Fighting
 + Level 12.5 Dodging
 * Level 13.2 Unarmed Combat


You had 8 spell levels left.
You didn't know any spells.

Dungeon Overview and Level Annotations

Branches:
Dungeon (12/15)            Temple (0/1) D:6             Orc (0/4) D:9
   Lair: D:8-11

Altars:
Ashenzari
Dithmenos
Fedhas
Gozag
Nemelex Xobeh
Qazlal
Sif Muna
Zin
The Shining One

Shops:
D:12 (%=[


Innate Abilities, Weirdness & Mutations

You cannot wear armour.
You are incapable of wielding weapons or throwing items.
You have sharp claws.
You have razor-sharp teeth.
You have supernaturally acute eyesight.
You are carnivorous and can eat meat at any time.
You cover ground quickly.
You are covered in thick fur (AC +2).
You have a slow metabolism.
Your sharp claws are effective at attacking unaware monsters.


Message History

You feel somewhat less full. The wight completely misses you.
The hill giant completely misses you. The wight closely misses you.
Unknown command.
Unknown command.
Unknown command.
Unknown command.
Your black bear goes berserk!
You feel somewhat less full.
The hill giant hits you with a giant club!!
The soul eater hits your two-headed ogre!
The soul eater drains your two-headed ogre!
Your two-headed ogre hits the hill giant with a giant club!!
Your two-headed ogre hits the hill giant with a giant club!
The kobold hits your two-headed ogre but does no damage.
The wight completely misses you.
The soul eater draws from the surrounding life force!
Your black bear is moderately wounded.
Your two-headed ogre is heavily wounded.
The hill giant hits you with a giant club!
You die...

.!..# #. ....# #.#
....###### #.#
....#....# #.#
.5..#....###.#
(.K5#.....#.#
....'......#######
#####.!..KKKK3hC.#
#....##.5KOzh#
#....#########
.......# ........#
.........#
.........#
.........#


You could see a hill giant, a soul eater, 2 kobold demonologists, a big kobold,
a wight, a crimson imp, 2 kobolds, a friendly two-headed ogre (berserk) and a
friendly black bear (berserk).

Table legend:
 A = Turns spent in this place as a percentage of turns spent in the entire game.
 B = Non-inter-level travel turns spent in this place as a percentage of non-inter-level travel turns spent in the entire game.
 C = Inter-level travel turns spent in this place as a percentage of turns spent in this place.
 D = Turns resting spent in this place as a percentage of non-inter-level travel turns spent in this place.
 E = Turns spent auto-exploring this place as a percentage of non-inter-level travel turns spent in this place.
 F = Non-inter-level travel turns spent in this place divided by the number of levels of this place that you've seen.
                   A       B       C       D       E      F
               +-------+-------+-------+-------+-------+----------------------
         Total | 100.0 | 100.0 |   0.6 |   1.6 |   2.3 | 1491.2
       Dungeon |  96.4 |  96.3 |   0.6 |   1.6 |   2.3 | 1556.2
       Ossuary |   3.6 |   3.7 |   0.0 |   0.6 |   1.4 | 711.0
               +-------+-------+-------+-------+-------+----------------------

Table legend:
 A = Kills in this place as a percentage of kills in entire the game.
 B = Kills by you in this place as a percentage of kills by you in the entire game.
 C = Kills by friends in this place as a percentage of kills by friends in the entire game.
 D = Other kills in this place as a percentage of other kills in the entire game.
 E = Experience gained in this place as a percentage of experience gained in the entire game.
 F = Experience gained in this place divided by the number of levels of this place that you have seen.
                   A       B       C       D       E      F
               +-------+-------+-------+-------+-------+----------------------
         Total | 100.0 | 100.0 | 100.0 |  -nan | 100.0 | 1366.8
       Dungeon |  94.8 |  94.8 | 100.0 |  -nan |  99.6 | 1474.2
       Ossuary |   5.2 |   5.2 |   0.0 |  -nan |   0.4 |  78.0
               +-------+-------+-------+-------+-------+----------------------

Vanquished Creatures
  The ghost of zarick13 the Brawler, a journeyman TrMo of Ru (D:12)
  2 hydras
  An ugly thing (D:12)
  The ghost of gw the Chopper, a novice HuWn of Yredelemnul (D:7)
  A manticore (D:12)
  A gargoyle (D:12)
  A troll (D:11)
  Grinder (D:3)
  A two-headed ogre (D:12)
  A spriggan (D:7)
  Sigmund (D:4)
  2 wyverns (D:11)
  2 hungry ghosts
  A basilisk (D:12)
  Menkaure (D:5)
  A water moccasin (D:8)
  Duvessa (D:4)
  6 sky beasts
  An eye of draining (D:8)
  2 ice beasts (D:9)
  8 centaurs
  4 phantoms
  3 necrophages
  6 ogres
  5 orc warriors
  A crocodile (D:12)
  An elf zombie (D:7)
  Dowan (D:4)
  7 giant frogs
  7 killer bees
  5 scorpions
  3 wights (D:12)
  2 centaur zombies (D:11)
  8 crimson imps
  A quasit (D:9)
  5 orc priests
  3 human zombies (D:7)
  2 jellies
  Crazy Yiuf (D:3)
  A giant frog zombie (D:12)
  5 hounds
  3 iguanas
  10 worker ants
  2 giant frog skeletons
  9 orc wizards
  2 human skeletons (D:7)
  A big kobold zombie (Ossuary)
  A hound zombie (D:5)
  2 mummies (Ossuary)
  2 hound skeletons
  4 gnolls
  11 adders
  3 shadow imps
  A white imp (D:6)
  2 oozes
  An adder skeleton (D:9)
  6 worms
  4 giant geckos
  56 orcs
  2 giant cockroaches
  3 gnoll zombies (Ossuary)
  12 goblins
  4 hobgoblins
  10 jackals
  8 kobolds
  2 ball pythons
  6 bats
  5 giant newts
  3 goblin zombies (Ossuary)
  3 hobgoblin zombies (Ossuary)
  4 orc zombies (Ossuary)
  8 quokkas
  10 rats
308 creatures vanquished.

Vanquished Creatures (collateral kills)
  An ice beast (D:8)
  A giant frog skeleton (D:8)
2 creatures vanquished.

Vanquished Creatures (others)
  4 killer bees (D:12)
  A wight (D:12)
  A giant frog zombie (D:12)
  A jelly (D:12)
  An orc wizard (D:12)
8 creatures vanquished.

Grand Total: 318 creatures vanquished

Notes
Turn   | Place    | Note
--------------------------------------------------------------
     0 | D:1      | gw the Felid Berserker began the quest for the Orb.
     0 | D:1      | Reached XP level 1. HP: 10/10 MP: 2/2
    37 | D:1      | Reached XP level 2. HP: 14/14 MP: 3/3
  1263 | D:2      | Reached XP level 3. HP: 17/17 MP: 4/4
  1528 | D:2      | Reached ** piety under Trog
  1868 | D:2      | Reached XP level 4. HP: 13/21 MP: 5/5
  2172 | D:2      | Reached skill level 5 in Dodging
  2769 | D:3      | Reached XP level 5. HP: 25/25 MP: 6/6
  2991 | D:3      | Noticed Crazy Yiuf
  3017 | D:3      | Killed Crazy Yiuf
  3377 | D:3      | Noticed Grinder
  3393 | D:3      | Killed Grinder
  3393 | D:3      | Reached skill level 5 in Unarmed Combat
  3393 | D:3      | Gained mutation: You are covered in thick fur (AC +2). [Felid growth]
  3393 | D:3      | Reached XP level 6. HP: 27/29 MP: 7/7
  3588 | D:3      | Reached skill level 6 in Dodging
  3932 | D:3      | HP: 1/29 [orc/flail of protection (9)]
  3934 | D:3      | Reached *** piety under Trog
  3939 | D:3      | Slain by an orc
  3940 | D:3      | Reached XP level 5. HP: -2/25 MP: 6/6
  4391 | D:4      | Noticed Duvessa
  4392 | D:4      | Noticed Sigmund
  4394 | D:4      | Noticed Dowan
  4404 | D:4      | Killed Sigmund
  4404 | D:4      | Reached skill level 5 in Fighting
  4404 | D:4      | Reached XP level 6. HP: 30/30 MP: 7/7
  4412 | D:4      | Killed Duvessa
  4412 | D:4      | Reached XP level 7. HP: 33/33 MP: 8/8
  4417 | D:4      | Killed Dowan
  4634 | D:4      | Reached skill level 7 in Unarmed Combat
  5532 | D:5      | Entered Level 5 of the Dungeon
  5968 | D:5      | Reached XP level 8. HP: 29/37 MP: 9/9
  6527 | D:5      | Noticed Menkaure
  6541 | D:5      | Killed Menkaure
  6541 | D:5      | Reached skill level 8 in Unarmed Combat
  7231 | D:6      | Found a blossoming altar of Fedhas.
  7231 | D:6      | Found a stormy altar of Qazlal.
  7233 | D:6      | Found a deep blue altar of Sif Muna.
  7233 | D:6      | Found a shadowy altar of Dithmenos.
  7233 | D:6      | Found a sparkling altar of Nemelex Xobeh.
  7233 | D:6      | Found a glowing silver altar of Zin.
  7233 | D:6      | Found a shattered altar of Ashenzari.
  7267 | D:6      | Found a staircase to the Ecumenical Temple.
  7446 | D:6      | Reached skill level 9 in Unarmed Combat
  7801 | D:6      | Reached **** piety under Trog
  8183 | D:7      | Reached XP level 9. HP: 38/41 MP: 10/10
  8665 | D:7      | Found a sand-covered staircase.
  8675 | Ossuary  | Entered an ossuary
  9093 | D:7      | Noticed gw's ghost (novice HuWn)
  9111 | D:7      | Killed gw's ghost
  9111 | D:7      | Reached skill level 10 in Unarmed Combat
  9705 | D:7      | Reached skill level 10 in Dodging
 10088 | D:8      | Reached XP level 10. HP: 42/47 MP: 6/11
 10360 | D:8      | Found a glowing golden altar of the Shining One.
 10822 | D:9      | Reached skill level 11 in Unarmed Combat
 11443 | D:9      | HP: 1/70 [orc/club (6)]
 11743 | D:9      | Found a staircase to the Orcish Mines.
 11865 | D:9      | Reached ***** piety under Trog
 12158 | D:9      | You fall through a shaft for 2 floors!
 12451 | D:11     | Noticed a seven-headed hydra
 12458 | D:11     | Killed a seven-headed hydra
 12458 | D:11     | Reached skill level 12 in Unarmed Combat
 12671 | D:11     | Found an opulent altar of Gozag.
 13894 | D:12     | Reached XP level 11. HP: 52/52 MP: 12/12
 14005 | D:12     | Noticed a manticore
 14017 | D:12     | Killed a manticore
 14342 | D:12     | Found Juelasi's Armour Emporium.
 14369 | D:12     | Found Sukhol's Jewellery Shoppe.
 14383 | D:12     | Noticed a five-headed hydra
 14391 | D:12     | Killed a five-headed hydra
 14396 | D:12     | Found Saol's Food Shoppe.
 14423 | D:12     | Noticed zarick13's ghost (journeyman TrMo)
 15292 | D:12     | Found Tifen's Weapon Boutique.
 15400 | D:12     | Killed zarick13's ghost
 15400 | D:12     | Reached skill level 13 in Unarmed Combat
 15402 | D:12     | Mangled by a manticore
 15403 | D:12     | Reached XP level 10. HP: -7/75 MP: 0/11
 15454 | D:12     | Engulfed by a cloud of flame
 15455 | D:12     | Reached XP level 9. HP: -4/46 MP: 0/10
 15689 | D:10     | Entered Level 10 of the Dungeon
 15870 | D:10     | Noticed a kobold demonologist
 15870 | D:10     | Noticed a kobold demonologist
 15881 | D:10     | Noticed a hill giant
 15885 | D:10     | Noticed a soul eater
 15896 | D:10     | Slain by a hill giant

Action                   |  1- 3 |  4- 6 |  7- 9 | 10-12 || total
-------------------------+-------+-------+-------+-------++-------
Melee: Unarmed           |   116 |   172 |   410 |   435 ||  1133
Invok: Berserk           |     2 |     5 |     6 |     5 ||    18
       Trog's Hand       |       |     3 |     4 |     2 ||     9
       Brothers in Arms  |       |       |     3 |     1 ||     4
 Stab: Sleeping          |       |     2 |     1 |     1 ||     4
       Distracted        |       |       |       |     1 ||     1
  Eat: Chunk             |    11 |    15 |    24 |    24 ||    74

Vault maps used:
D:1:      onia_arrival_pyramid, minmay_close_crescents
D:2:      serial_forest, infiniplex_forest_lined_corner,
          infiniplex_forest_clump_long, infiniplex_forest_corner_1,
          infiniplex_forest_zigzag_1, infiniplex_forest_clump_large,
          infiniplex_forest_lined_corner, infiniplex_forest_clump_small,
          first_bread, st_stairs_12
D:3:      uniq_grinder, uniq_crazy_yiuf_cottage
D:4:      lemuel_upstairs_altar, grunt_ministairs_4, uniq_sigmund, uniq_duvessa
D:5:      uniq_menkaure
D:6:      grunt_temple_overflow_open, temple_fountains, minmay_fire_ice_demons
D:7:      enter_bailey_3, nicolae_ossuary_entry_catacombs, the_bakery
D:8:      lemuel_doored_altar
D:9:      hiddenorc1_lemuel
D:10:     minmay_imperfect_grid
D:11:     basic_altar
D:12:     serial_shops, shop, nicolae_shop_stone, shop, shop, solitary_fountain,
          lemuel_flamethrower_2
Ossuary:  minmay_ossuary_gauntlet
